Unix NetHack Version 5.0.0-0 post-release - last build May  4 2026 22:22:43 (774f63e81ad911689b3a0859ea89b322d5daca8d,branch:main).

Game began 2026-05-07 10:06:46, ended 2026-05-07 10:34:34.

DiePARTEI, lawful male human Archeologist

                                                   #                ---
                                                   ### 0          ---.---
                   ---              --------------....##         --.....--
                  --.|--------------|..................---       |.......---
                  |..|...|...|..|%.!|.........[..........|    ----.........|
                  |..|... ...|..|[[[|.........--|--..-...|    |...----.....|---
                  |..--|---|-|..|...|..-----..|...|... ..|   --...-- ----.-|..|
        ---        -.........-|---|--..|.((|--|...|...---- |--.....---  |..|..|
       --.---     --.-----.............-.((|..|............|.........----.....|
      --....|  -  |..|...|...-|--......|..*|..|---|........|.%........--.|.----
   ----........|  |..|...-...|..|...{..------||(((|...-----..............|.|
  --....|.--- .|  |..|...|...|..|.............|((+|...+....................|
  |....-|...| ------.-------------|---.....-+-|...|......|....<............--
---....||--.|----................^...|-|-..|..|-|--...-.--..................|
|.....--|...|-.......--------...`----|..|..|.....................-.|.......--
|...--- |...|...--->.|....@.|....-.%%|..|..-.--.....#..............|-.....--
--..|   ---.....| |.-|._....-....|.!!|..|........{.................---...--
 |..|     --...-- |.||......|....--------.....#.................|...|--.--
 ----      ---.|  .---------|...................................|..-- ---
             |..  -         -----.--.------.............--......----
             ----               ------      ##*#*#####   -----.
DiePARTEI the Field Worker  St:12 Dx:12 Co:12 In:14 Wi:18 Ch:9  Lawful
Dlvl:5  $:5  HP:0(43) Pw:34(34) AC:-7 Xp:5 T:1633  Blind

Latest messages:
 You feel an unseen monster!
 Wait!  There's something there you can't see!
 It gets angry!
 Huhetotl roars in anger:  "Thou shalt suffer!"
 The bolt of lightning hits you!
 It kicks!
 You hear someone summoning insects.
 Wait!  There's something there you can't see!
 It bites!
 It misses!
 It misses!
 It misses!
 You hear some noises.
 It bites!
 It bites!
 It bites again!
 You're on fire!
 It misses!
 You hear someone summoning insects.
 It misses!
 Are you sure you want to pray? [yn] (n) y
 You begin praying to Quetzalcoatl.
 You feel something move nearby.
 You feel something move nearby.
 You feel something move nearby.
 You feel something move nearby.
 You feel something move nearby.
 You feel something move nearby.
 You feel something move nearby.
 You feel something move nearby.
 You feel something move nearby.
 You feel something move nearby.
 You feel something move nearby.
 You feel something move nearby.
 You hear the chime of a cash register.
 You finish your prayer.
 You feel that Quetzalcoatl is well-pleased.
 It yowls!
 You lash it.
 It bites!
 It bites!
 It misses!
 It misses!
 It bites!
 You die...
 Do you want your possessions identified? [ynq] (y) y
 Do you want to see your attributes? [ynq] (y) y
 Do you want an account of creatures vanquished? [ynaq] (y) y
 Do you want to see your conduct and achievements? [ynq] (y) y
 Do you want to see the dungeon overview? [ynq] (y) y

Inventory:
 Coins    ('$')
  $ - 5 gold pieces
 Weapons  (')')
  y - 15 +0 darts (at the ready)
  a - a blessed +4 bullwhip (weapon in left hand)
 Armor    ('[')
  Z - a blessed +2 orcish helm (being worn)
  J - an uncursed +0 pair of iron shoes (being worn)
  r - a blessed greased +3 gray dragon scale mail (being worn)
 Comestibles  ('%')
  d - 4 uncursed food rations
 Scrolls  ('?')
  B - an uncursed scroll of earth
  z - an uncursed scroll of identify
  C - a cursed scroll of identify
  K - an uncursed scroll of teleportation
 Spellbooks  ('+')
  n - an uncursed spellbook of healing
 Potions  ('!')
  u - an uncursed potion of booze
  Q - an uncursed potion of restore ability
 Rings    ('=')
  j - an uncursed ring of levitation
 Wands    ('/')
  L - a wand of striking (0:1)
  q - a wand of wishing (0:0)
 Tools    ('(')
  s - an uncursed sack containing 2 items
  H - an uncursed lock pick
  i - a magic marker (0:19)
  R - an uncursed oil lamp
  f - a tinning kit (0:67)
 Gems/Stones  ('*')
  g - an uncursed touchstone

Contents of the sack:
  557 gold pieces
  a +0 pick-axe

DiePARTEI the Archeologist's attributes:

Background:
 You were a Field Worker, a level 5 male human Archeologist.
 You were lawful, on a mission for Quetzalcoatl
 who was opposed by Camaxtli (neutral) and Huhetotl (chaotic).
 You were left-handed.
 You were in the Gnomish Mines, on level 5.
 You entered the dungeon 1633 turns ago.
 You had 247 experience points, 73 more were needed to attain level 6.

Basics:
 You had 0 out of 43 hit points.
 You had all 34 energy points (spell power).
 Your armor class was -7.
 Your wallet contained 5 zorkmids, and
 you had 557 more stashed away in your pack.
 Autopickup was off.

Final Characteristics:
 Your strength was 12 (limit:18/100).
 Your dexterity was 12 (limit:18).
 Your constitution was 12 (limit:18).
 Your intelligence was 14 (limit:18).
 Your wisdom was 18 (limit:18).
 Your charisma was 9 (limit:18).

Final Status:
 You were temporarily blind.
 You weren't hungry.
 You were unencumbered.
 You were wielding a whip.
 You had basic skill with whip.

Final Attributes:
 You were devoutly aligned.
 You were magic-protected.
 You had automatic searching.
 You were stealthy.
 You are dead.

Miscellaneous:
 You encountered 1 bones level.
 Total elapsed playing time was 27 minutes and 46 seconds.

Major events:
 Turn
    1: DiePARTEI the lawful male human Archeologist entered the dungeon
  473: made his first wish - "blessed greased +2 gray dragon scale mail", got "a greased gray dragon scale mail"
  539: entered the Gnomish Mines
  656: attained the rank of Field Worker (level 3)
  717: reached Mine Town
 1633: killed by a giant beetle

Spells:
 Name                 Level Category     Fail Retention
 healing                1   healing       53%  76%-100%

Skills:
 Fighting Skills
   bare handed combat [Unskilled]
   two weapon combat  [Unskilled]
   riding             [Unskilled]
 Weapon Skills
   dagger             [Unskilled]
   knife              [Unskilled]
   pick-axe           [Basic]
   short sword        [Unskilled]
   saber              [Unskilled]
   club               [Unskilled]
   quarterstaff       [Unskilled]
   sling              [Unskilled]
   dart               [Unskilled]
   boomerang          [Unskilled]
   whip               [Basic]
   unicorn horn       [Unskilled]
 Spellcasting Skills
   attack spells      [Unskilled]
   healing spells     [Unskilled]
   divination spells  [Unskilled]
   matter spells      [Unskilled]

Voluntary challenges:
 Character rerolling was not enabled.
 You never genocided any monsters.
 You never polymorphed an object.
 You never changed form.
 You used 1 wish.
 You did not wish for any artifacts.
Achievements:
 You entered the Gnomish Mines.
 You attained the rank of Field Worker.
 You entered Minetown.
 You entered a shop.
 You entered a temple.

 The Dungeons of Doom: levels 1 to 2
    Level 1:
       A fountain, a grave.
    Level 2:
       Stairs down to The Gnomish Mines.
 The Gnomish Mines: levels 3 to 5
    Level 3:
    Level 4:
       Final resting place for
          7spoons-Wiz-Hum-Fem-Neu, killed by a mind flayer.
    Level 5: <- You were here.
       Many shops, a temple and an altar, some fountains, some trees.
       Final resting place for
          you, killed by a giant beetle.


Vanquished creatures:
  a dog
  a blue jelly
  2 Mordor orcs
  a yellow light
  4 gnome leaders
  a gnomish wizard
  a little dog
  2 dwarves
  3 hill orcs
  a hobbit
  2 large kobolds
  a giant rat
  a red mold
 15 gnomes
  a gnome zombie
  a jackal
  a fox
  2 goblins
  3 grid bugs
  a bat
  2 newts
47 creatures vanquished.

No species were genocided or became extinct.

Game over:
                       ----------
                      /          \
                     /    REST    \
                    /      IN      \
                   /     PEACE      \
                  /                  \
                  |    DiePARTEI     |
                  |      562 Au      |
                  |   killed by a    |
                  |   giant beetle   |
                  |                  |
                  |                  |
                  |       2026       |
                 *|     *  *  *      | *
        _________)/\\_//(\/(/\)/\//\/|_)_______

Goodbye DiePARTEI the Archeologist...

You died in The Gnomish Mines on dungeon level 5 with 1704 points,
and 562 pieces of gold, after 1633 moves.
You were level 5 with a maximum of 43 hit points when you died.

